 Dungeon Crawl Stone Soup version 0.21.1-1-g345015f (webtiles) character file.

437 xccam the Cudgeler (level 6, -9/47 HPs)
             Began as a Demonspawn Abyssal Knight on Feb 10, 2018.
             Was a Priest of Lugonu.
             Mangled by an ogre
             ... wielding a cursed -3 giant club
              (18 damage)
             ... on level 4 of the Dungeon.
             The game lasted 00:13:11 (3030 turns).

xccam the Cudgeler (Demonspawn Abyssal Knight)      Turns: 3030, Time: 00:13:12

Health: -9/47      AC: 10    Str: 15    XL:     6   Next: 69%
Magic:  8/8        EV:  7    Int: 11    God:    Lugonu [***...]
Gold:   255        SH:  0    Dex: 12    Spells: 5/5 levels left

rFire    . . .     SeeInvis .   a - +2 mace
rCold    . . .     Gourm    .   (no shield)
rNeg     . . .     Faith    .   d - +1 chain mail
rPois    .         Spirit   .   (helmet restricted)
rElec    .         Reflect  .   (no cloak)
rCorr    .         Harm     +   (no gloves)
MR       .....                  (no boots)
Stlth    ..........             i - amulet of harm
HPRegen  0.15/turn              f - -2 ring of intelligence (curse)
MPRegen  0.11/turn              (no ring)

@: no status effects
A: antennae 2, powered by pain 1, spiny 2
a: Depart the Abyss, Bend Space, Banish, Renounce Religion


You were on level 4 of the Dungeon.
You worshipped Lugonu.
Lugonu was most pleased with you.
You were not hungry.

You visited 1 branch of the dungeon, and saw 4 of its levels.
You visited the Abyss 1 time.

You collected 255 gold pieces.

Inventory:

Hand Weapons
 a - a +2 mace (weapon)
 e - a +0 whip
Armour
 d - a +1 chain mail (worn)
Jewellery
 f - a cursed -2 ring of intelligence (left hand)
 i - an amulet of harm (around neck)
Wands
 l - a wand of paralysis (3)
 n - a wand of iceblast (7)
Scrolls
 g - a scroll of enchant armour
 h - a scroll of teleportation
 m - 2 scrolls of identify
Potions
 j - a potion of might
 k - 2 potions of curing
Books
 b - a book of Unlife

   Spells                             Type                      Level
   a - Recall                         Summoning/Translocation      3
   b - Animate Dead                   Necromancy                   4
   c - Borgnjor's Vile Clutch         Necromancy/Earth             5
   d - Death Channel                  Necromancy                   6
   e - Simulacrum                     Ice/Necromancy               6
Comestibles
 c - 4 rations


   Skills:
 - Level 3.0 Fighting
 * Level 5.1 Maces & Flails
 * Level 3.8 Armour
 - Level 2.0 Dodging
 * Level 2.7 Invocations


You had 5 spell levels left.
You didn't know any spells.

Dungeon Overview and Level Annotations

Branches:
Dungeon (4/15)
 Temple: D:4-7

Altars:
Elyvilon
Kikubaaqudgha
Vehumet


Innate Abilities, Weirdness & Mutations

You have a pair of antennae on your head.
You sometimes gain a little power by taking damage.
You are mostly covered in sharp spines.


Message History

An ogre comes into view. It is wielding a giant club.
The ogre shouts!
The frilled lizard is struck by your spines.
You kill the frilled lizard!
Lugonu accepts your kill.
Found a glowing robe.
The ogre closely misses you.
You barely miss the ogre. You hit the ogre.
The ogre is moderately wounded.
The ogre hits you with a giant club!
Your chain mail prevents you from hitting the ogre.
The ogre is moderately wounded.
The ogre is struck by your spines. The ogre hits you with a giant club!!
Ouch! That really hurt!
* * * LOW HITPOINT WARNING * * *
You are too injured to fight recklessly!
You are too injured to fight recklessly!
The ogre is struck by your spines. The ogre hits you with a giant club!
You die...

#†......#
#.##..$##
##.###......
#........###
#..###..## #..#
..# ###..# ..#
#...O####.######.
#.##.@......<....
#.######..######
#.# #..# #.#
#..### #.# #....#
#.# ##.#.# #.#
#.#.# #<#.# #.#.#


You could see an ogre.

Vanquished Creatures
  2 vampire bats (D:2)
  An orc wizard (D:3)
  Natasha (thrice) (D:2)
  Robin (D:2)
  5 adders
  4 gnolls (D:1)
  A worm (D:2)
  5 dart slugs
  3 leopard geckos (D:2)
  4 orcs (D:3)
  2 ball pythons
  3 bat skeletons (D:2)
  2 bat zombies (D:2)
  3 giant cockroaches
  6 hobgoblins
  7 jackals
  2 quokkas
  9 bats
  4 frilled lizards
  18 goblins
  10 kobolds
  5 rats
100 creatures vanquished.

Vanquished Creatures (others)
  The ghost of HEYYEYAAE the Conjurer, an amateur DECj (D:3)
1 creature vanquished.

Grand Total: 101 creatures vanquished

Notes
Turn   | Place    | Note
-------+----------+-------------------------------------------
     0 | Abyss:1  | xccam the Demonspawn Abyssal Knight began the quest for the Orb.
     0 | Abyss:1  | Reached XP level 1. HP: 18/18 MP: 2/2
     8 | Abyss:1  | Found a corrupted altar of Lugonu.
    14 | D:1      | Escaped the Abyss
    84 | D:1      | Reached skill level 1 in Dodging
   147 | D:1      | Reached skill level 2 in Maces & Flails
   147 | D:1      | Gained mutation: You are partially covered in sharp spines. [demonic ancestry]
   147 | D:1      | Reached XP level 2. HP: 20/24 MP: 3/3
   305 | D:1      | Reached ** piety under Lugonu
   642 | D:2      | Gained mutation: You have a pair of small antennae on your head. [demonic ancestry]
   642 | D:2      | Reached XP level 3. HP: 29/29 MP: 4/4
  1225 | D:1      | Reached skill level 3 in Maces & Flails
  1225 | D:1      | Gained mutation: You have a pair of antennae on your head. [demonic ancestry]
  1225 | D:1      | Reached XP level 4. HP: 13/35 MP: 5/5
  1558 | D:2      | Found an ancient bone altar of Kikubaaqudgha.
  1565 | D:2      | Gained mutation: You sometimes gain a little power by taking damage. [demonic ancestry]
  1565 | D:2      | Reached XP level 5. HP: 39/41 MP: 6/6
  1596 | D:2      | Noticed Natasha
  1600 | D:2      | Reached skill level 4 in Maces & Flails
  1603 | D:2      | Killed Natasha
  1607 | D:2      | Reached *** piety under Lugonu
  1689 | D:2      | Found a white marble altar of Elyvilon.
  1718 | D:2      | Noticed Robin
  1741 | D:2      | Killed Robin
  1741 | D:2      | Gained mutation: You are mostly covered in sharp spines. [demonic ancestry]
  1741 | D:2      | Reached XP level 6. HP: 25/47 MP: 7/7
  1799 | D:2      | Noticed Natasha
  1806 | D:2      | Killed Natasha
  2113 | D:2      | Noticed Natasha
  2119 | D:2      | Killed Natasha
  2460 | D:3      | Found a radiant altar of Vehumet.
  2958 | D:3      | Noticed HEYYEYAAE's ghost (amateur DECj)
  2959 | D:3      | Banished HEYYEYAAE's ghost
  2959 | D:3      | Reached skill level 5 in Maces & Flails
  3030 | D:4      | Mangled by an ogre

Skill      XL: |  1  2  3  4  5  6 |
---------------+-------------------+-----
Dodging        | 1 2 |  2.0
Armour         | 2 3 |  3.8
Maces & Flails | 2 3 4 5 |  5.1
Fighting       | |  3.0
Invocations    | |  2.7

Action                   |  1- 3 |  4- 6 || total
-------------------------+-------+-------++-------
Melee: Mace              |    76 |   112 ||   188
Invok: Banish            |       |     1 ||     1
  Use: Potion            |     2 |     2 ||     4
       Scroll            |     2 |     5 ||     7
  Eat: Ration            |     1 |     1 ||     2
       Chunk             |       |     2 ||     2
Armor: Leather armour    |    11 |       ||    11
       Chain mail        |    29 |    98 ||   127
Dodge: Dodged            |    33 |    42 ||    75
